 Dungeon Crawl Stone Soup version 0.28.0-53-g5a82cb258f (webtiles) character file.

Game seed: 10670757644683161798

85 Zeld the Skirmisher (level 4, -3/41 HPs)
             Began as a Minotaur Berserker on May 23, 2022.
             Was a Believer of Trog.
             Slain by an orc priest
             ... wielding a +0 falchion
              (5 damage)
             ... on level 3 of the Dungeon.
             The game lasted 00:01:23 (1939 turns).

Zeld the Skirmisher (Minotaur Berserker)            Turns: 1939, Time: 00:01:24

Health: -3/41      AC:  2    Str: 24    XL:     4   Next: 25%
Magic:  3/3        EV: 10    Int:  4    God:    Trog [**....]
Gold:   29         SH:  6    Dex:  9    Spells: 3/3 levels left

rFire   . . .      SeeInvis .   a - +0 war axe
rCold   . . .      Faith    .   d - +0 kite shield
rNeg    . . .      Spirit   .   b - +0 animal skin
rPois   .          Reflect  .   (helmet restricted)
rElec   .          Harm     .   (no cloak)
rCorr   .          Rampage  .   (no gloves)
Will    .....                   (no boots)
Stlth   +.........              (no amulet)
HPRegen 0.13/turn               (no ring)
MPRegen 0.08/turn               (no ring)

@: no status effects
A: horns 2, retaliatory headbutt
a: Renounce Religion, Berserk, Trog's Hand


You were on level 3 of the Dungeon.
You worshipped Trog.
Trog was pleased with you.
You visited 1 branch of the dungeon, and saw 3 of its levels.

You collected 29 gold pieces.

Inventory:

Hand Weapons
 a - a +0 war axe (weapon)
Armour
 b - a +0 animal skin (worn)
 d - a +0 kite shield (worn)
Wands
 i - a wand of acid (4)
Scrolls
 c - 2 scrolls of magic mapping {unknown}
 e - 2 scrolls of identify {unknown}
 f - 3 scrolls of enchant armour {unknown}
 h - a scroll of amnesia {unknown}
Potions
 g - 2 potions of curing {unknown}
 j - 2 potions of haste {unknown}


   Skills:
 * Level 4.7 Fighting
 * Level 4.6 Axes
 - Level 3.0 Armour
 + Level 2.8 Dodging


You had 3 spell levels left.
You didn't know any spells.
Your spell library was empty.

Dungeon Overview and Level Annotations

Branches:
Dungeon (3/15)

Altars:


Innate Abilities, Weirdness & Mutations

You have a pair of horns on your head.
You reflexively headbutt those who attack you in melee.


Message History

A kobold is nearby!
You hit the kobold but do no damage. You headbutt the kobold.
You kill the kobold!
Trog accepts your kill.
Found a stone staircase leading down.
Things that are here:
a +0 dagger of holy wrath; a kobold corpse Key pressed, stopping explore.
No target in view!
There is a stone staircase leading down here.
f - 2 scrolls labelled HOORYH RERUL (gained 1)
f - 3 scrolls labelled HOORYH RERUL (gained 1)
An orc priest and 3 orcs come into view.
The orc shouts!
The orc priest shouts!
The orc shouts! x2
There are monsters nearby!
There are monsters nearby!
You hit the orc priest but do no damage.
Your headbutt misses the orc priest. You block the orc priest's attack.
The orc barely misses you.
The orc priest mumbles some strange prayers to Beogh against you.
Beogh smites you!
There are monsters nearby!
You hit the orc priest.
The orc priest is moderately wounded.
The orc priest invokes the aid of Beogh against you.
Pain shoots through your body! The orc barely misses you.
You barely miss the orc priest.
You headbutt the orc priest, but do no damage.
The orc priest is moderately wounded.
The orc priest invokes the aid of Beogh against you.
Beogh smites you!
* * * LOW HITPOINT WARNING * * *
The orc barely misses you.
The orc priest hits you with a +0 falchion!
* * * LOW HITPOINT WARNING * * *
You hit the orc priest but do no damage.
You headbutt the orc priest.
The orc priest is moderately wounded.
The orc priest hits you with a +0 falchion.
You die...

#.# #.# #.#
#.# #.# #.#
#.#
##.########
#..@oooo..#
#########.#


You could see an orc priest and 3 orcs.

Vanquished Creatures
  3 adders (D:2)
  2 worms
  A dart slug (D:1)
  3 bats
  4 endoplasms
  A giant cockroach (D:1)
  6 hobgoblins
  6 jackals (D:1)
  2 quokkas
  2 ball pythons
  3 frilled lizards
  2 goblins (D:1)
  7 kobolds
  7 rats
49 creatures vanquished.

Notes
Turn   | Place    | Note
-------+----------+-------------------------------------------
     0 | D:1      | Zeld the Minotaur Berserker began the quest for the Orb.
     0 | D:1      | Reached XP level 1. HP: 19/19 MP: 0/0
    91 | D:1      | Reached XP level 2. HP: 18/27 MP: 1/1
   405 | D:1      | Reached ** piety under Trog
   758 | D:1      | Reached XP level 3. HP: 31/33 MP: 2/2
  1236 | D:2      | Reached XP level 4. HP: 41/41 MP: 3/3
  1938 | D:3      | HP: 1/41 [orc priest/+0 falchion (9)]
  1939 | D:3      | Slain by an orc priest

Illustrated notes

Levels and vault maps discovered:
D:1:      roderic_crossed_star, layout_rooms, moated_statue
D:2:      layout_rooms
D:3:      layout_basic, serial_shops, nicolae_lakefront_shop, kennysheep_path_1

Skill      XL: |  1  2  3 |
---------------+----------+-----
Fighting       | 4 |  4.7
Axes           | 4 |  4.6
Armour         | 3 |  3.0
Dodging        | |  2.8

Action                   |  1- 3 |  4- 6 || total
-------------------------+-------+-------++-------
Melee: Hand axe          |    50 |       ||    50
       Headbutt          |     5 |     5 ||    10
       War axe           |    22 |    24 ||    46
Armor: Animal skin       |    12 |       ||    12
Dodge: Dodged            |    52 |     7 ||    59
Block: Kite shield       |     6 |     7 ||    13
